 Dungeon Crawl Stone Soup version 0.31-a0-188-g5e087ee2ca (webtiles) character file.

Game seed: 10215418780776136119

1231 qw the Skirmisher (level 8, -2/46 HPs)
             Began as a Deep Elf Hunter on June 23, 2023.
             Succumbed to Dowan's poison
             ... on level 5 of the Dungeon.
             The game lasted 00:01:50 (3750 turns).

qw the Skirmisher (Deep Elf Hunter)                 Turns: 3750, Time: 00:01:50

Health: -2/46      AC:  9    Str: 18    XL:     8   Next: 24%
Magic:  10/10      EV: 13    Int: 18    God:
Gold:   116        SH:  0    Dex: 18    Spells: 7/7 levels left

rFire   + . .        Y - +1 shortbow (drain)
rCold   + . .        (shield currently unavailable)
rNeg    . . .        e - +0 ring mail
rPois   .            (no helmet)
rElec   .            j - +0 cloak
rCorr   .            (no gloves)
SInv    .            c - +2 pair of boots
Will    .....        (no amulet)
Stlth   +            a - ring "Paonk" {rF+ rC+ Str+2 Int+3}
HPRegen 0.27/turn    i - +6 ring of strength
MPRegen 0.12/turn

%: no passive effects
@: lethally poisoned (-2 -> -17)
A: no striking features
a: no special abilities


You were on level 5 of the Dungeon.
You visited 1 branch of the dungeon, and saw 5 of its levels.

You collected 160 gold pieces.
You spent 44 gold pieces at shops.


   Skills:
 - Level 3.1 Fighting
 + Level 12.5 Ranged Weapons
 - Level 1.0 Armour
 - Level 4.0 Dodging
 - Level 1.2 Stealth


You had 7 spell levels left.
You didn't know any spells.
Your spell library was empty.

Inventory:

Hand Weapons
 Y - a +1 shortbow of draining (weapon)
Armour
 c - a +2 pair of boots (worn)
 e - a +0 ring mail (worn)
 j - a +0 cloak (worn)
Jewellery
 a - the ring "Paonk" (left hand) {rF+ rC+ Str+2 Int+3}
   (You found it on level 3 of the Dungeon)

   [ring of protection from cold]

   Str:       It affects your strength (+2).
   Int:       It affects your intelligence (+3).
   rF:        It protects you from fire.
   rC:        It protects you from cold.
 i - a +6 ring of strength (right hand)
Scrolls
 f - 3 scrolls of identify
 l - a scroll of teleportation {unknown}
Potions
 b - 2 potions of curing
 g - a potion of cancellation
 h - a potion of haste
 k - 2 potions of enlightenment
 m - a potion of might {unknown}

Dungeon Overview and Level Annotations

Branches:
Dungeon (5/15)
 Temple: D:4-7

Altars:
Nemelex Xobeh
Yredelemnul

Shops:
D:2 :!:??

Annotations:
D:5 Dowan


Message History

You feel sick. The iguana closely misses you.
You shoot an arrow. The arrow hits the iguana.
You drain the iguana.
The iguana is moderately wounded.
You feel sick.
The iguana bites you but does no damage.
3742 ||| DRINKING potion of heal wounds.
You feel much better.
You feel sick. The iguana bites you!
You shoot an arrow. The arrow hits the iguana.
The iguana is heavily wounded.
You feel sick.
You shoot an arrow. The arrow hits the iguana.
You drain the iguana.
The iguana is almost dead.
You feel sick.
The iguana bites you but does no damage.
Dowan hits you but does no damage.
You shoot an arrow. The arrow closely misses the iguana.
You feel sick. Dowan hits you but does no damage.
You are more poisoned.
The iguana bites you but does no damage.
You shoot an arrow. The arrow hits the iguana!
You kill the iguana!
You feel sick. Dowan closely misses you. Dowan hits you but does no damage.
You shoot an arrow. The arrow hits Dowan.
Dowan is lightly wounded.
You feel sick. Dowan gestures at you while chanting. The stone arrow hits you.
You shoot an arrow. The arrow hits Dowan.
Dowan is lightly wounded.
You feel sick.
Dowan hits you with a +0 dagger of venom.
You are lethally poisoned!
You shoot an arrow. The arrow closely misses Dowan.
You feel very sick. Dowan hits you but does no damage.
Dowan gestures at you while chanting. The stone arrow hits you!
You shoot an arrow. The arrow closely misses Dowan.
You die...

......# 8.8 #.
######........
.####.###.## .##
##....'.....##.
.# #..##.#
..##..####.....#
## ####8.8
#.#..## #######
#.# #.#.## #...#
#..## #..####
#)@...#
......e.....#
...########.# #
.. .# #


You could see Dowan (fast).

Vanquished Creatures
  Grinder (D:4)
  Eustachio (D:5)
  Duvessa (D:5)
  2 black bears
  An ogre (D:4)
  A phantom (D:4)
  A scorpion (D:5)
  2 jellies (D:4)
  A hound (D:4)
  A sleepcap (D:4)
  An iguana (D:5)
  4 gnolls
  10 adders
  A shadow imp (D:5)
  A white imp (D:5)
  An ufetubus (D:5)
  2 worms
  4 dart slugs
  4 orcs
  3 bats
  12 endoplasms
  4 giant cockroaches
  10 hobgoblins
  3 jackals (D:1)
  6 kobolds
  7 quokkas
  6 ball pythons
  2 frilled lizards
  6 goblins
  8 rats
107 creatures vanquished.

Notes
Turn   | Place    | Note
-------+----------+-------------------------------------------
     0 | D:1      | qw the Deep Elf Hunter began the quest for the Orb.
     0 | D:1      | Reached XP level 1. HP: 12/12 MP: 3/3
     0 | D:1      | 0 ||| qw: Version: 0.3-a-9-g12657ce
     0 | D:1      | 0 ||| qw: Game counter: 3533
     0 | D:1      | 0 ||| qw: Always use a shield: true
     0 | D:1      | 0 ||| qw: God list: Okawaru
     0 | D:1      | 0 ||| qw: Allow faded altars: false
     0 | D:1      | 0 ||| qw: Do Orc after D:15 true
     0 | D:1      | 0 ||| qw: Do second Lair branch before Depths: true
     0 | D:1      | 0 ||| qw: Lair rune preference: random
     0 | D:1      | 0 ||| qw: Plans: Normal
     0 | D:1      | 0 ||| PLANNING D:1-11
    60 | D:1      | 60 ||| FLEEEEING.
    67 | D:1      | Found a faded altar of an unknown god.
   100 | D:1      | Reached XP level 2. HP: 16/16 MP: 4/4
   114 | D:1      | Reached skill level 6 in Ranged Weapons
   717 | D:1      | 717 ||| UPGRADING to +0 ring mail.
   727 | D:1      | 727 ||| DROPPING +0 leather armour.
   728 | D:1      | 728 ||| READING scroll labelled LUWNIU OGUNYV.
   729 | D:1      | 729 ||| DRINKING 2 cyan potions.
   730 | D:1      | 730 ||| DROPPING scroll of butterflies.
   745 | D:2      | Found Qaotauwn's Book Emporium.
   782 | D:2      | Found Fagin's Distillery.
   797 | D:2      | 797 ||| SHOPLISTING 2 potions of heal wounds (120 gold,
                  | have 23).
   797 | D:2      | 797 ||| SHOPLISTING potion of cancellation (96 gold, have
                  | 23).
   797 | D:2      | 797 ||| SHOPLISTING potion of curing (36 gold, have 23).
   846 | D:2      | Reached XP level 3. HP: 20/20 MP: 5/5
  1145 | D:2      | Found a sparkling altar of Nemelex Xobeh.
  1201 | D:2      | Found Teckug's Book Shop.
  1209 | D:2      | 1209 ||| UPGRADING to +2 pair of boots.
  1479 | D:2      | Found Maapaqie's Magic Scroll Shoppe.
  1487 | D:2      | 1487 ||| BUYING scroll of identify (22 gold).
  1487 | D:2      | Bought a scroll of identify for 22 gold pieces
  1487 | D:2      | 1487 ||| BUYING scroll of identify (22 gold).
  1487 | D:2      | Bought a scroll of identify for 22 gold pieces
  1487 | D:2      | 1487 ||| SHOPLISTING scroll of identify (22 gold, have 16).
  1487 | D:2      | 1487 ||| SHOPLISTING scroll of teleportation (33 gold, have
                  | 16).
  1552 | D:2      | Found Kiffobag's Magic Scroll Emporium.
  1555 | D:2      | 1555 ||| SHOPLISTING 3 scrolls of identify (72 gold, have
                  | 16).
  1555 | D:2      | 1555 ||| SHOPLISTING scroll of teleportation (36 gold, have
                  | 16).
  1555 | D:2      | 1555 ||| READING scroll labelled SICHAE ZAHOY.
  1556 | D:2      | 1556 ||| DRINKING 3 amethyst potions.
  1557 | D:2      | 1557 ||| READING 4 scrolls of identify.
  1557 | D:2      | 1557 ||| IDENTIFYING bubbling golden potion
  1558 | D:2      | 1558 ||| READING 3 scrolls of identify.
  1558 | D:2      | 1558 ||| IDENTIFYING glowing grey potion
  1559 | D:2      | 1559 ||| READING 2 scrolls of identify.
  1559 | D:2      | 1559 ||| IDENTIFYING viscous red potion
  1560 | D:2      | 1560 ||| DROPPING potion of berserk rage.
  1633 | D:3      | Reached skill level 7 in Ranged Weapons
  1660 | D:3      | Identified the ring "Paonk" {rF+ rC+ Str+2 Int+3}
  1728 | D:3      | Reached XP level 4. HP: 25/25 MP: 6/6
  1931 | D:3      | Reached skill level 8 in Ranged Weapons
  2369 | D:3      | 2369 ||| UPGRADING to ring "Paonk" {rF+ rC+ Str+2 Int+3}.
  2370 | D:3      | 2370 ||| DROPPING +6 ring of intelligence.
  2371 | D:3      | 2371 ||| READING scroll labelled FUGHUR ONOAFFIDD.
  2372 | D:3      | 2372 ||| READING scroll labelled HIOVVA WUFFEI.
  2373 | D:3      | 2373 ||| DRINKING 2 fuming amethyst potions.
  2374 | D:3      | 2374 ||| DRINKING 2 fizzy dark potions.
  2375 | D:3      | 2375 ||| DROPPING potion of attraction.
  2377 | D:3      | 2377 ||| Stepping ~*~*~tactically~*~*~ (cloud).
  2501 | D:4      | 2501 ||| STAIRDANCE
  2555 | D:4      | Reached XP level 5. HP: 29/29 MP: 7/7
  2615 | D:4      | Reached skill level 9 in Ranged Weapons
  2742 | D:4      | Noticed an ogre
  2751 | D:4      | Killed an ogre
  2752 | D:4      | Reached skill level 3 in Dodging
  2752 | D:4      | Reached XP level 6. HP: 12/35 MP: 8/8
  2828 | D:4      | 2828 ||| FLEEEEING.
  2906 | D:4      | Reached skill level 10 in Ranged Weapons
  2936 | D:4      | Found a basalt altar of Yredelemnul.
  2958 | D:4      | Reached skill level 1 in Armour
  2958 | D:4      | Reached XP level 7. HP: 40/40 MP: 9/9
  2968 | D:4      | Noticed Grinder
  2989 | D:4      | 2989 ||| FLEEEEING.
  2990 | D:4      | 2990 ||| FLEEEEING.
  2991 | D:4      | 2991 ||| FLEEEEING.
  2992 | D:4      | 2992 ||| FLEEEEING.
  2993 | D:4      | 2993 ||| FLEEEEING.
  2994 | D:4      | 2994 ||| FLEEEEING.
  2995 | D:4      | 2995 ||| FLEEEEING.
  2996 | D:4      | 2996 ||| FLEEEEING.
  2997 | D:4      | 2997 ||| STAIRDANCE
  3041 | D:3      | 3041 ||| READING scroll labelled DORIOSH DOJINT.
  3042 | D:3      | 3042 ||| READING scroll labelled UWIUMA FIHAFI.
  3047 | D:4      | Killed Grinder
  3048 | D:4      | Reached skill level 11 in Ranged Weapons
  3342 | D:4      | Found a sparkling altar of Nemelex Xobeh.
  3350 | D:4      | 3350 ||| UPGRADING to +0 cloak.
  3355 | D:4      | 3355 ||| UPGRADING to +6 ring of strength.
  3374 | D:5      | Entered Level 5 of the Dungeon
  3388 | D:5      | 3388 ||| STAIRDANCE
  3453 | D:5      | Noticed Eustachio
  3476 | D:5      | Killed Eustachio
  3477 | D:5      | Reached skill level 12 in Ranged Weapons
  3484 | D:5      | 3484 ||| READING scroll of brand weapon.
  3484 | D:5      | 3484 ||| BRANDING +1 shortbow of freezing.
  3515 | D:5      | 3515 ||| Stepping ~*~*~tactically~*~*~ (outnumbered).
  3528 | D:5      | Reached XP level 8. HP: 36/45 MP: 10/10
  3532 | D:5      | Reached skill level 3 in Fighting
  3720 | D:5      | Noticed Duvessa
  3720 | D:5      | Noticed Dowan
  3733 | D:5      | HP: 8/46 [Duvessa/+0 rapier (5)]
  3734 | D:5      | 3734 ||| DRINKING 2 potions of heal wounds.
  3736 | D:5      | Killed Duvessa
  3741 | D:5      | HP: 11/46 [poisoned by Dowan]
  3742 | D:5      | 3742 ||| DRINKING potion of heal wounds.
  3749 | D:5      | HP: 10/46 [poisoned by Dowan]
  3749 | D:5      | HP: 1/46 [Dowan/stone arrow (9)]
  3750 | D:5      | Succumbed to Dowan's poison

Levels and vault maps discovered:
D:1:      nzn_arrival_water_spiral, layout_basic, basic_ecumenical_altar,
          nicolae_hexahallways
D:2:      layout_basic, serial_shops, nicolae_shop_just_a_little_nook,
          nicolae_diamond_shop, nicolae_diamond_shop, nicolae_shop_rolled_up,
          shop, basic_altar
D:3:      minmay_inner_zag, layout_loops_ring, st_stairs_7
D:4:      layout_cave_pools, nemelex_spade_bored_becter, kennysheep_mini_moat,
          uniq_grinder
D:5:      layout_basic, grunt_dithmenos_shadows, okawaru_altar_gauntlet_db,
          gammafunk_ghost_stat_death, dk_noncrumbling_2, uniq_eustachio,
          uniq_duvessa

Skill      XL: |  1  2  3  4  5  6  7  8 |
---------------+-------------------------+-----
Ranged Weapons | 6 7 8 9 10 12 | 12.5
Fighting       | 2 3 |  3.1
Dodging        | 3 4 |  4.0
Armour         | 1 |  1.0
Stealth        | |  1.2

Action                     |  1- 3 |  4- 6 |  7- 9 || total
---------------------------+-------+-------+-------++-------
   Fire: Shortbow          |   128 |   150 |   133 ||   411
    Use: Scroll            |     5 |     2 |     3 ||    10
         Potion            |     2 |     2 |     2 ||     6
 Armour: Leather armour    |     2 |       |       ||     2
         Ring mail         |    17 |    28 |    35 ||    80
  Dodge: Dodged            |    29 |    41 |    58 ||   128

Table legend:
 A = Non-vault XP
 B = Vault XP
 C = Vault XP percentage of total XP
 D = Non-vault monster count
 E = Vault monster count
 F = Vault count percentage of total count
                 A         B        C        D         E       F
            +---------+---------+-------+---------+---------+-------
      Total |    1118 |     641 |  36.4 |      96 |      11 |  10.3
            +---------+---------+-------+---------+---------+-------
        D:1 |      38 |       0 |   0.0 |      23 |       0 |   0.0
        D:2 |      20 |       0 |   0.0 |      12 |       0 |   0.0
        D:3 |      93 |      31 |  25.0 |      24 |       8 |  25.0
        D:4 |     619 |     258 |  29.4 |      25 |       1 |   3.8
        D:5 |     348 |     352 |  50.3 |      12 |       2 |  14.3
            +---------+---------+-------+---------+---------+-------
